Cogmind - Beta 16 --- EXPLORER MODE // 2025.12.08 @ 14:57:27 Player: K.K.Y. Result: Destroyed by as-85347 with Assembled Blade Performance ------------- Evolutions (0) 0 Regions Visited (2) 400 Robots Destroyed (25) 125 Value Destroyed (510) 510 Prototype IDs (0) 0 Alien Tech Used (0) 0 Bonus (0) 0 TOTAL SCORE: 1035 Bonus ------- None Cogmind --------- Core Integrity 0/250 Matter 240/300 Energy 100/100 System Corruption 2% Temperature Cool (0) Movement Flying (40) Location -10/Mines Parts ------- > --- POWER (1) -------- (None) > --- PROPULSION (3) --- Flight Unit > --- UTILITY (2) ------ (None) > --- WEAPON (2) ------- Assault Rifle > --- INVENTORY (5) ---- Improved Ion Engine Light Nuclear Core Improved Terrain Scanner Datajack Mining Laser Peak State ------------ > --- POWER ------------ Improved Ion Engine > --- PROPULSION ------- Flight Unit Flight Unit Flight Unit > --- UTILITY ---------- Targeting Computer Targeting Computer > --- WEAPON ----------- Particle Cannon Particle Cannon > --- INVENTORY -------- Improved Ion Engine Sensor Array Improved Terrain Scanner Datajack Mining Laser [Rating: 11] Favorites ----------- Power Improved Ion Engine Engine Improved Ion Engine Propulsion Flight Unit Hover Unit Hover Unit Flight Unit Flight Unit Utility Targeting Computer Device Sensor Array Processor Targeting Computer Weapon Particle Cannon Energy Gun Medium Laser Energy Cannon Particle Cannon Ballistic Gun Assault Rifle Build | -11 -10 -10 ------- Run | Yrd Mat Min Slots Evolved 1 | . 1 . Power . | . . . Propulsion 1 | . 1 . Utility . | . . . Weapon . | . . . Parts Attached 20 | 4 16 . Power 2 | . 2 . Engine 2 | . 2 . Core . | . . . Reactor . | . . . Propulsion 9 | . 9 . Treads . | . . . Leg . | . . . Wheel . | . . . Hover 3 | . 3 . Flight 6 | . 6 . Utility 3 | 2 1 . Device 1 | . 1 . Storage . | . . . Processor 2 | 2 . . Hackware . | . . . Protection . | . . . Artifact . | . . . Weapon 6 | 2 4 . Energy Gun 2 | 2 . . Energy Cannon 2 | . 2 . Ballistic Gun 2 | . 2 . Ballistic Cannon . | . . . Launcher . | . . . Special Weapon . | . . . Impact Weapon . | . . . Slashing Weapon . | . . . Piercing Weapon . | . . . Special Melee Weapon . | . . . Unidentified Prototypes . | . . . Parts Lost 9 | . 5 4 Power 1 | . . 1 Propulsion 4 | . 2 2 Utility 1 | . 1 . Weapon 3 | . 2 1 Highest Loss Streak 3 | . 3 3 To Critical Strikes . | . . . Average Backups 4 | . 4 5 Power 1 | . 1 2 Propulsion . | . . . Utility 1 | . 1 1 Weapon . | . 1 1 Tool/Special . | . . . Unused Backups 7 | . 2 5 Power 3 | . 1 2 Propulsion 1 | . 1 . Utility 1 | . . 1 Weapon 1 | . . 1 Tool/Special 1 | . . 1 Average Slot Usage (%) 70 | . 72 62 Engine 8 | . 11 1 Hover 2 | . 3 . Flight 25 | . 22 35 Device 1 | . 2 . Processor 6 | . 9 . Energy Gun 6 | . 9 . Energy Cannon 8 | . 11 . Ballistic Gun 7 | . 2 25 Peak Build Rating 11 | 4 11 8 Average Rating 7 | 3 7 6 On Entrance 4 | . 4 8 Avg Prop Armor Cover (%) . | . . . Naked Turns . | . . . Heaviest Build 16 | 3 16 11 Greatest Support 18 | 3 18 12 Greatest Overweight (x) 3 | . 3 . Average Overweight (x) . | . . . Largest Inventory Capacity 5 | 5 5 5 Average Capacity 5 | 5 5 5 Most Carried 5 | 4 5 5 Average Carried 4 | . 4 5 Final Capacity 5 | 5 5 5 Final Carried 5 | 2 5 5 Class Distribution -------------------- 100% | Hacker-Mutant Dominant Class ---------------- Hacker-Mutant | -10/Materials Hacker-Mutant | -10/Mines Resources | -11 -10 -10 ----------- Run | Yrd Mat Min Matter Collected 526 | 165 251 110 Remotely . | . . . Salvage Created 912 | 92 537 283 Parts 42 | 3 34 5 Haulers Intercepted 2 | . 2 . Recyclers Shooed . | . . . Parts Field Recycled . | . . . Retrieved Matter . | . . . Parts Self-Destructed . | . . . Prevented . | . . . Parts Restored . | . . . Kills | -11 -10 -10 ------- Run | Yrd Mat Min Combat Hostiles Destroyed 22 | . 11 11 Guns 19 | . 8 11 Cannons 3 | . 3 . Classes Destroyed 9 | 2 6 1 Worker 1 | . 1 . Tunneler 1 | 1 . . Hauler 2 | . 2 . Recycler 1 | 1 . . Watcher 3 | . 3 . Swarmer 8 | . 6 2 Grunt 8 | . 4 4 Subdweller 1 | . 1 . Assembled 5 | . . 5 Best Kill Streak 5 | 2 5 5 Combat Bots Only 5 | . 4 5 Max Kills in Single Turn 1 | 1 1 1 Gunslinging . | . . . Exploded . | . . . Melee . | . . . Uniques/NPCs Destroyed . | . . . Combat | -11 -10 -10 -------- Run | Yrd Mat Min Hostile Shots Fired 129 | . 81 48 Missed 52 | . 31 21 Hits 77 | . 50 27 Melee 5 | . . 5 Projectile 72 | . 50 22 AOE 6 | . 6 . Critical Strikes 2 | . 1 1 Damage Taken 777 | . 492 285 Core 263 | . 152 111 Absorbed by Shields . | . . . Ignored by Resistances 476 | . 308 168 Core Remaining (%) 100 | 100 . . Volleys Fired 67 | 9 32 26 Largest 2 | 2 2 2 Hottest 136 | 90 136 40 Shots Fired 133 | 18 64 51 Gun 111 | 18 42 51 Cannon 22 | . 22 . Launcher . | . . . Special . | . . . Kinetic 63 | . 12 51 Thermal 70 | 18 52 . Explosive . | . . . Electromagnetic . | . . . Robot Hit Streak 35 | 17 35 11 Robot Miss Streak 2 | . 2 1 Penetration Max . | . . . Secondary Targets 2 | . . 2 Max Gunslinging Chain 1 | . . 1 Shots Hit Robots 108 | 17 49 42 Core Hits 50 | 3 25 22 Critical Kills . | . . . Critical Parts Destroyed . | . . . Critical Strikes 1 | 1 . . Burn 1 | 1 . . Melee Attacks . | . . . Impact . | . . . Slashing . | . . . Piercing . | . . . Sneak Attacks . | . . . Combat Hostiles . | . . . Follow-up Attacks . | . . . Damage Inflicted 1563 | 199 812 552 Guns 1122 | 199 371 552 Cannons 434 | . 434 . Explosions . | . . . Melee . | . . . Ramming 7 | . 7 . Kinetic 646 | . 94 552 Thermal 910 | 199 711 . Explosive . | . . . Electromagnetic . | . . . Impact . | . . . Slashing . | . . . Piercing . | . . . Highest Corruption 2 | . 1 2 Average Corruption 1 | . 1 1 Corruption Purged . | . . . Corruption Blocked . | . . . Effects 4 | . 2 2 Matter Fused 2 | . 2 . Energy Discharges 1 | . . 1 Data Loss (minor) 1 | . . 1 Overload Shots . | . . . Overflow Damage 3 | . 3 . Projectiles 3 | . 3 . Explosions . | . . . Melee . | . . . Knockbacks . | . . . Impact . | . . . Kinetic . | . . . Secondary . | . . . Self-Inflicted Damage 3 | . 3 . Shots . | . . . Rammed 2 | . 2 . Targets Rammed 2 | . 2 . Kicked . | . . . Crushed . | . . . Highest Temperature 423 | 120 423 9 Average Temperature 111 | 56 123 6 Received Heat Transfer 198 | . 126 72 Effects 4 | . 4 . Energy Bleed 1 | . 1 . Interference 2 | . 2 . Damage (minor) 1 | . 1 . Siege Activations . | . . . Martial Activations . | . . . Shielding Activations . | . . . Robots Disrupted . | . . . Combat Hostiles . | . . . Robots Corrupted . | . . . Combat Hostiles . | . . . Parts Fried . | . . . Impact Corruptions . | . . . Robots Melted . | . . . Combat Hostiles . | . . . Parts Melted 3 | 2 1 . Heat Transferred 2115 | 607 1508 . Parts Sabotaged . | . . . Parts Stolen . | . . . Parts Stripped . | . . . Power Chain Reactions . | . . . Alert | -11 -10 -10 ------- Run | Yrd Mat Min Maximum Alert Level . | . . . Low Security (%) 100 | 100 100 100 Level 1 . | . . . Level 2 . | . . . Level 3 . | . . . Level 4 . | . . . Level 5 . | . . . High Security . | . . . Max Security . | . . . Peak Influence 87 | 5 87 55 Initial 19 | . . 19 Average 15 | . 14 21 Influence Increases 462 | 10 302 150 Destroy 0b10 Robot/C 320 | . 200 120 Destroy 0b10 Robot/NC 40 | 10 30 . Destroy Leader 90 | . 60 30 Successful Hack 12 | . 12 . Influence Decreases 462 | 10 230 222 Entered New Map 53 | . . 53 Time Decay 379 | 10 220 149 Lost Part 20 | . 10 10 Lost Ally 10 | . . 10 Squads Dispatched . | . . . Investigation . | . . . Extermination . | . . . Reinforcement . | . . . Assault . | . . . Garrison . | . . . Intercept . | . . . Searches Triggered . | . . . Construction Impeded . | . . . Haulers Reinforced . | . . . Active Scanning Responses . | . . . Cargo Convoy Interrupts . | . . . Stealth | -11 -10 -10 --------- Run | Yrd Mat Min Distress Signals . | . . . Communications Jammed . | . . . Distress Signals . | . . . Times Spotted 40 | . 16 24 Peak Tracking Total 17 | . 4 17 Tactical Retreats 1 | . 1 . Traps | -11 -10 -10 ------- Run | Yrd Mat Min Traps Triggered 1 | . 1 . Indirectly . | . . . Trap Hack Attempts . | . . . Triggered . | . . . Disarmed . | . . . Reprogrammed . | . . . Reused . | . . . Traps Extracted . | . . . Installed . | . . . Triggered . | . . . Machines | -11 -10 -10 ---------- Run | Yrd Mat Min Machines Disabled . | . . . Max in Single Turn . | . . . Machines Repaired . | . . . Machines Dismantled . | . . . Machines Sabotaged . | . . . Overloaded Fab Kills . | . . . Hacking | -11 -10 -10 --------- Run | Yrd Mat Min Machines Accessed 4 | . 4 . Terminals 4 | . 4 . Fabricators . | . . . Repair Stations . | . . . Recycling Units . | . . . Scanalyzers . | . . . Garrison Access . | . . . Total Hacks 5 | . 5 . Successful 4 | . 4 . Failed 1 | . 1 . Catastrophic 1 | . 1 . Database Lockouts . | . . . Manual 4 | . 4 . Terminals 5 | . 5 . Fabricators . | . . . Repair Stations . | . . . Recycling Units . | . . . Scanalyzers . | . . . Garrison Access . | . . . Terminal Hacks 1 | . 1 . Robot Analysis 1 | . 1 . Fabricator Hacks . | . . . Repair Station Hacks . | . . . Recycling Unit Hacks . | . . . Scanalyzer . | . . . Garrison Access Hacks . | . . . Unauthorized Hacks 3 | . 3 . Terminals 3 | . 3 . Botnet 3 | . 3 . Fabricators . | . . . Repair Stations . | . . . Recycling Units . | . . . Scanalyzers . | . . . Garrison Access . | . . . Data Cores Recovered . | . . . Used . | . . . Hacking Detections 2 | . 2 . Full Trace Events . | . . . Feedback Events . | . . . Feedback Blocked . | . . . Robot Schematics Acquired . | . . . Robots Built . | . . . Authchips . | . . . Time . | . . . Total Robot Build Rating . | . . . Part Schematics Acquired . | . . . Parts Built . | . . . Authchips . | . . . Time . | . . . Total Part Build Rating . | . . . Part Studies Acquired . | . . . Parts Repaired . | . . . Time . | . . . Parts Recycled . | . . . Recycled Matter . | . . . Retrieved Matter . | . . . Retrieved Components . | . . . Parts Scanalyzed . | . . . Part Schematics Acquired . | . . . Parts Damaged . | . . . Bothacking | -11 -10 -10 ------------ Run | Yrd Mat Min Used RIF Installer . | . . . Robots Hacked . | . . . Non-combat . | . . . Combat . | . . . Robot Hacks Applied . | . . . Relay Couplers Released . | . . . Fabnet Peak Effective % . | . . . Robots Rewired . | . . . Allies Hacked . | . . . Hacks Repelled . | . . . Allies | -11 -10 -10 -------- Run | Yrd Mat Min Total Allies 3 | . . 3 Largest Group 3 | . . 3 Highest-Rated Group 40 | . . 40 Highest-Rated Ally 16 | . . 16 Total Orders . | . . . Ally Attacks 2 | . . 2 Total Damage 16 | . . 16 Kills . | . . . Allies Corrupted . | . . . Allies Melted . | . . . Intel | -11 -10 -10 ------- Run | Yrd Mat Min Active Infowar (turns) 159 | . 159 . Sensors 159 | . 159 . Robot Analysis Total 1 | . 1 . Derelict Logs Recovered . | . . . Drone Launches . | . . . Drone Recoveries . | . . . Exploration | -11 -10 -10 ------------- Run | Yrd Mat Min Turns Passed 1010 | 60 710 240 Spaces Moved 1235 | 45 755 435 Core 66 | 45 21 . Treads . | . . . Legs . | . . . Wheels . | . . . Hover 115 | . 115 . Flight 1054 | . 619 435 Fastest Speed 34 | 50 34 34 Average Speed 58 | 50 73 34 Slowest Speed 280 | 50 280 34 Overloaded Moves . | . . . Propulsion Burnouts . | . . . Robots Hopped 4 | . 3 1 Potential Cave-ins . | . . . Cave-ins Triggered . | . . . Exploration Rate (%) 61 | 3 98 84 Regions Visited 2 Branch Regions 1 Pre-discovered Areas . | . . . Known Exits Taken 2 | 1 1 . Unknown Exits Taken . | . . . Scrap Searched . | . . . Spaces Dug . | . . . Terrain Destroyed . | . . . Melee . | . . . Projectile . | . . . AOE . | . . . Terrain Rammed . | . . . Walls Destroyed . | . . . Machines Disabled . | . . . Actions | -11 -10 -10 --------- Run | Yrd Mat Min Total 1380 | 63 841 476 Wait 28 | . 12 16 Move 1225 | 44 748 433 Hop 4 | . 3 1 Pick Up 20 | 6 14 . Fast Attach 7 | . 7 . Attach 12 | 4 8 . Detach 4 | . 4 . Swap 2 | . 2 . Drop 9 | . 9 . Fire 67 | 9 32 26 Melee . | . . . Ram 2 | . 2 . Kick . | . . . Crush . | . . . Escape Stasis . | . . . Rewire . | . . . Trap . | . . . Miscellaneous . | . . . Route ------- -11/Scrapyard -10/Materials (discovered 5 exits: *Mat x3 / *Min / *Sub) -10/Mines (discovered 2 exits: *Mat x2) History --------- Turn | Location | Event 6 | -11/Scrapyard | Identified exit to Materials 6 | -11/Scrapyard | Discovered exit to Materials (range 15) 61 | -11/Scrapyard | Entered Materials 61 | -10/Materials | Evolved 1 slot: Propulsion x1 148 | -10/Materials | Identified exit to Materials 148 | -10/Materials | Discovered exit to Materials (range 6) 213 | -10/Materials | Discovered exit to Materials (range 8) 245 | -10/Materials | Identified exit to Mines 245 | -10/Materials | Discovered exit to Mines (range 6) 248 | -10/Materials | Discovered exit to Materials (range 14) 304 | -10/Materials | Build established: Hacker-Mutant 512 | -10/Materials | Lost 3 parts (2n1u) 552 | -10/Materials | Identified exit to Subcaves 552 | -10/Materials | Discovered exit to Subcaves (range 11) 561 | -10/Materials | Derelicts attacked the area 702 | -10/Materials | Core integrity fell below 50% 771 | -10/Materials | Entered Mines 800 | -10/Mines | Met a Derelict bent on vengeance 892 | -10/Mines | Discovered exit to Materials (range 10) 940 | -10/Mines | Assisted by bots powering up and referring to "LRC-V3" 969 | -10/Mines | Discovered exit to Materials (range 12) 974 | -10/Mines | Assembled infested the area 979 | -10/Mines | Assisted by a Guerilla fighting off Assembled 1001 | -10/Mines | Core integrity fell below 20% 1011 | -10/Mines | Destroyed by as-85347 with Assembled Blade Last Messages --------------- 00985_ as-98071 suffers critical hit (Destroy). 00985_ as-98071 destroyed. 00985_ as-23690 knocked back. 00986_ System corrupted: Component data lost. 00987_ HV Slug penetrates as-99529. 00987_ as-99529 knocked back. 00987_ HV Slug penetrates as-99529. 00988_ as-05028 destroyed. 00989_ as-04977 destroyed. 00990_ as-99529 suffers critical hit (Destroy). 00990_ as-99529 destroyed. 00995_ as-23417 destroyed. 00996_ MW-Q5G(h) destroyed. 00998_ Flight Unit destroyed. 00998_ System corrupted by crushing effect (+1). 00998_ as-53532 destroyed. 01006_ Flight Unit destroyed. 01007_ as-03136 destroyed. 01007_ Switching to secondary target: as-30091. 01010_ Assault Rifle destroyed. Map ----- +----------------------------------------------------+ | ???????????# #?## ##???? | | ???????????# ### #### ##??? | | ???????????#### ### ### ##?? | | ??????????????# ### ## #?? | | ??????????????# #?# #?? | | #????????????## #?# ## #?? | | ##??????????## #?## ###### #?? | | ############ < ##??####????# #?? | | ###???????????## #?? | | ##??????????????## #?? | | ## ######## ##?????????????????###?? | | ## #??????####??#######?????????????? | | ## ############## #?????????????? | | ## *% #?????????????? | | ################# """ #?????????????? | | ????????????????# """ #?????????????? | | #######?????????# """ #?????????????? | | #?????????# #????###??????? | | #?????????########### ##?????? | | #### #?????????????## ## #?????? | | ##??# ############### #?????? | | #???# % """ ##????? | | #################### """ #????? | | ##?????????????## """ #????? | | #######????????#### < #????? | | ???????????##@ #????? | | ????????????#aa #???? | | ######?????????????# a #??? | | ######??????????????????#aa=# #??? | | #???????????????????????# %;## #??? | | ????????????????????????#%%;#?# ##??? | | ????????????????????????#% ;#??##???? | | ????????????????????????# a##???????? | | ???????????????????????? ????????? | | #??????????????????????? % ????????? | | #??????????????????????? ????????? | | #?????????????????????? % ????????? | | #????????????????????? % ???????? | | ??????????????????# % ???????? | | # ????????????????? a ???????? | | ?# ###????????????????? ????????? | | ?? #??????????????????????????????? | | ??? #??????????????????????????????? | | ???? #??????????????????????????????? | | ????##??????????????????????????????? | | ????????????????????????????????????? | | ????????????????????????????????????? | | ????????????????????????????????????? | | ????????????????????????????????????? | | ????????????????????????????????????? | +----------------------------------------------------+ Best States ------------- Heat Dissipation 25 Energy Generation 12 Energy Capacity 265 Matter Stores 300 Matter Capacity 300 Sight Range 16 Robot Scan Range 14 Terrain Scan Density 10 Resistance: KI 35 Resistance: TH 35 Resistance: EX 35 Resistance: EM 35 Resistance: I 35 Resistance: S 35 Resistance: P 35 Evasion (%) 63 Targeting Accuracy 10 Offensive Hacking 20 Item Schematics ----------------- None Robot Schematics ------------------ None Fabricated ------------ Nothing Repaired ---------- Nothing Studied --------- None Alien Tech Used ----------------- None Achievements -------------- None Challenges ------------ None Game ------ Seed TrackerCooledDetector Manual? 0 Play Time 00:11:57 Cumulative 177.7 hours Start 2025.12.08 @ 14:43:48 End 2025.12.08 @ 14:57:27 Sessions 1 Manual Loads 0 Difficulty Explorer Special Mode None Game No. 252 Rogue 0 Adventurer 0 Explorer 252 Win Type - Total 0 Types 0/0/0/0/0/0/0/0/0/0 Lore% 70 Gallery% 67 Achievement% 53 Wizard Run 0 Options --------- Layout 1 ASCII 0 Keyboard 0 Movement Mouse Keybinds 0 Fullscreen 1 Font 24/Smallcaps Map View 50x35 Zoom Use 0% Tactical HUD 1 Map Filters NONE Filters NONE Steam 1 RUN: 917ea402-e887-40a7-ae19-ecb222ac0c01